 Dungeon Crawl Stone Soup version 0.26.1-11-gd32895ea62 (webtiles) character file.

Game seed: 5762054861492699558

12237 bnorton916 the Fighter (level 12, -4/97 HPs)
             Began as a Formicid Fighter on June 10, 2021.
             Was an Elder of Qazlal.
             Slain by a death yak (16 damage)
             ... on level 9 of the Dungeon on June 11, 2021.
             The game lasted 00:22:06 (9173 turns).

bnorton916 the Fighter (Formicid Fighter)           Turns: 9173, Time: 00:22:06

Health: -4/97      AC: 23    Str: 28    XL:     12   Next: 17%
Magic:  0/19       EV: 10    Int:  9    God:    Qazlal [****..]
Gold:   479        SH: 17    Dex: 11    Spells: 11/11 levels left

rFire    + . .     SeeInvis +   F - +4 morningstar (protect)
rCold    . . .     Faith    .   c - +0 kite shield
rNeg     + + .     Spirit   +   C - +4 scale mail
rPois    .         Reflect  .   (helmet unavailable)
rElec    .         Harm     .   w - +0 cloak
rCorr    .         Rampage  .   L - +1 pair of gloves
Will     +....                  (no boots)
Stlth    ..........             U - amulet "Zobadd" {Spirit *Drain rN+ Str+4 SInv}
HPRegen  0.26/turn              n - ring of positive energy
MPRegen  0.16/turn              u - ring of protection from fire

@: protection aura, repel missiles
A: permanent stasis, dig shafts and tunnels, four strong arms, antennae 3
a: Dig, Shaft Self, Renounce Religion, Upheaval, Elemental Force


You were on level 9 of the Dungeon.
You worshipped Qazlal.
Qazlal was greatly pleased with you.
You visited 1 branch of the dungeon, and saw 9 of its levels.
You also visited: Ossuary and Bailey.

You collected 591 gold pieces.
You spent 112 gold pieces at shops.

Inventory:

Hand Weapons
 a - a +0 war axe
 r - a +2 spear of venom
 z - a cursed -1 arbalest
 F - a +4 morningstar of protection (weapon)
 I - a +0 battleaxe
 M - a +0 whip of pain
Missiles
 y - 176 stones
Armour
 b - a +3 leather armour of cold resistance
 c - a +0 kite shield (worn)
 w - a +0 cloak (worn)
 C - a +4 scale mail (worn)
 G - +1 steam dragon scales
 L - a +1 pair of gloves (worn)
 O - a +0 crystal plate armour
Jewellery
 g - an uncursed amulet of guardian spirit
 n - a ring of positive energy (left hand)
 u - a ring of protection from fire (right hand)
 A - an uncursed amulet of regeneration
 S - the ring of Voofroxy {rElec rC- Will+ Stlth-}
   (You took it off a rakshasa on level 8 of the Dungeon)

   [ring of attention]

   It makes you vulnerable to cold.
   It insulates you from electricity.
   It affects your willpower, your defense against some magical effects.
   It makes you less stealthy.
 T - the ring "Vacya" {+Inv rElec rN+ Dex+6 Slay-3}
   (You took it off a centaur on level 8 of the Dungeon)

   [ring of dexterity]

   It affects your dexterity (+6).
   It affects your accuracy and damage with ranged weapons and melee attacks
   (-3).
   It insulates you from electricity.
   It protects you from negative energy.
   It lets you turn invisible.
 U - the amulet "Zobadd" (around neck) {Spirit *Drain rN+ Str+4 SInv}
   (You found it on level 8 of the Dungeon)

   [amulet of guardian spirit]

   It causes incoming damage to be split between your health and magic.
   It affects your strength (+4).
   It protects you from negative energy.
   It lets you see invisible.
   It causes draining when unequipped.
 V - the amulet "Xoreygoush" {RegenMP +Inv rN+ Int-5}
   (You found it on level 8 of the Dungeon)

   [amulet of magic regeneration]

   It increases your magic regeneration.
   It affects your intelligence (-5).
   It protects you from negative energy.
   It lets you turn invisible.
Wands
 e - a wand of paralysis (18)
 h - a wand of flame (41)
 E - a wand of disintegration (14)
 H - a wand of digging (9)
 N - a wand of random effects (22)
 W - a wand of iceblast (7)
Scrolls
 k - 5 scrolls of identify
 l - 2 scrolls of fear
 m - a scroll of noise
 p - 4 scrolls of enchant armour
 q - 4 scrolls of remove curse
 t - a scroll of amnesia {unknown}
 v - 5 scrolls of enchant weapon
 x - a scroll of immolation
 R - a scroll of acquirement {unknown}
 X - a scroll of magic mapping
Potions
 d - 3 potions of might
 f - 4 potions of resistance
 i - 2 potions of magic {unknown}
 j - 9 potions of curing
 o - a potion of brilliance {unknown}
 s - 7 potions of heal wounds
 B - 2 potions of attraction {unknown}
 D - a potion of lignification {unknown}
 J - a potion of invisibility {unknown}
 K - a potion of flight {unknown}
 P - 3 potions of berserk rage {unknown}
 Q - a potion of experience {unknown}


   Skills:
 + Level 10.2 Fighting
 + Level 9.1 Axes
 + Level 10.2 Armour
 - Level 9.0 Shields
 + Level 10.0 Invocations


You had 11 spell levels left.
You didn't know any spells.
Your spell library was empty.

Dungeon Overview and Level Annotations

Branches:
Dungeon (9/15)             Temple (0/1) D:5             Orc (0/2) D:9
Ossuary (visited)          Bailey (visited)
   Lair: D:8-11

Altars:
Ashenzari
Fedhas
Kikubaaqudgha
Makhleb
Nemelex Xobeh
Qazlal
Trog
Uskayaw
Xom
Yredelemnul
The Shining One

Shops:
D:7 [   D:8 =(=   D:9 :([

Annotations:
D:4 2 runed translucent doors, oc3rt's ghost, amateur OpEE


Innate Abilities, Weirdness & Mutations

You cannot be hasted, slowed, berserked, paralysed or teleported.
You can dig through walls and to a lower floor.
Your four strong arms can wield two-handed weapons with a shield.
You have a pair of large antennae on your head. (SInv)


Message History

The death yak is severely wounded.
The death yak gores you.
* * * LOW HITPOINT WARNING * * *
You hit the death yak but do no damage.
The death yak is severely wounded.
You hear a bellow!
Something shouts, "Away with thee, thou mewling fen-sucked gonus!"
You block the death yak's attack. x2
You puncture the death yak!
The death yak is almost dead.
You hear a bellow! x2
The death yak closely misses you.
You hit the death yak.
The death yak is almost dead.
You block the death yak's attack.
You barely miss the death yak.
The death yak is almost dead.
You hear a bellow!
The death yak gores you!!
You die...

... # .... #+
#.#######..... #.
.#..........Y.# #.
(...{...# { ###.####
#######.# {{{
.......# ###.#
.......# ##Y#{#
.......# #@#{{#
.......# ####{#
.......##### #.#
###+#......# ##'###
#...####.#######....#
#.∩.##.........#....#
#...##.#.#####.#....#
#.#.##.#.#.....'....#
#
#...##.#.#.#####....#


You could see a death yak.

Vanquished Creatures
  A rakshasa (D:8)
  A boulder beetle (D:8)
  3 death yaks (D:9)
  A two-headed ogre (D:8)
  3 orc knights (Bailey)
  An ugly thing (D:8)
  A wolf spider (D:8)
  A manticore (D:8)
  Maggie (D:6)
  A vampire (D:8)
  2 wyverns
  Eustachio (D:6)
  A water moccasin (D:7)
  8 orc warriors
  2 black bears (D:7)
  3 ice beasts
  5 ogres
  2 sky beasts
  2 necrophages
  4 centaurs
  7 bullfrogs
  3 water moccasin zombies (Ossuary)
  7 scorpions
  4 centaur zombies
  2 bullfrog zombies (D:5)
  6 hounds
  2 orc priests (D:7)
  2 jellies
  A centaur skeleton (D:6)
  A gnoll shaman (D:7)
  8 orc wizards
  A bullfrog skeleton (D:6)
  3 iguanas
  3 worker ants
  A killer bee zombie (D:8)
  3 big kobold zombies (Ossuary)
  A hound zombie (D:8)
  A hound skeleton (D:5)
  2 mummies (Ossuary)
  A worker ant zombie (D:5)
  17 gnolls
  9 adders
  A howler monkey skeleton (D:4)
  6 white imps
  4 ufetubi
  An ooze (D:4)
  4 worms
  An adder skeleton (D:4)
  3 adder zombies
  3 dart slugs
  3 leopard geckos
  53 orcs
  6 bats
  9 giant cockroaches
  6 hobgoblins
  10 jackals
  7 kobolds
  5 quokkas
  A ball python (D:1)
  6 frilled lizards
  6 gnoll zombies (Ossuary)
  4 goblins
  7 hobgoblin zombies (Ossuary)
  2 jackal skeletons (D:5)
  4 kobold zombies (Ossuary)
  7 orc zombies (Ossuary)
  A quokka skeleton (D:8)
  10 rats
299 creatures vanquished.

Vanquished Creatures (collateral kills)
  An orc knight (Bailey)
  An orc warrior (Bailey)
  2 orcs (Bailey)
4 creatures vanquished.

Vanquished Creatures (others)
  An orc (D:6)
1 creature vanquished.

Grand Total: 304 creatures vanquished

Notes
Turn   | Place    | Note
-------+----------+-------------------------------------------
     0 | D:1      | bnorton916 the Formicid Fighter began the quest for the
                  | Orb.
     0 | D:1      | Reached XP level 1. HP: 18/18 MP: 1/1
   109 | D:1      | Reached XP level 2. HP: 23/24 MP: 2/2
   450 | D:1      | You fall into a shaft and drop 1 floor!
   457 | D:2      | Reached XP level 3. HP: 29/29 MP: 3/3
   731 | D:2      | Reached XP level 4. HP: 37/37 MP: 4/4
   780 | D:2      | HP: 1/37 [poisoned by a gnoll]
  1396 | D:2      | Reached XP level 5. HP: 40/42 MP: 5/5
  2125 | D:3      | Found a stormy altar of Qazlal.
  2185 | D:3      | Became a worshipper of Qazlal Stormbringer
  2289 | D:3      | Found a basalt altar of Yredelemnul.
  2291 | D:3      | Noticed a profane servitor
  2306 | D:3      | Found a glowing golden altar of the Shining One.
  2308 | D:3      | Noticed an angel
  2332 | D:3      | Found a burning altar of Makhleb.
  2543 | D:3      | Found a broken altar of Ashenzari.
  2813 | D:3      | Reached XP level 6. HP: 49/49 MP: 6/6
  2994 | D:4      | Reached skill level 1 in Invocations
  3102 | D:4      | Reached skill level 5 in Shields
  3198 | D:4      | Found a sparkling altar of Nemelex Xobeh.
  3198 | D:4      | Found an ancient bone altar of Kikubaaqudgha.
  3558 | D:4      | Reached XP level 7. HP: 48/55 MP: 8/8
  3583 | D:4      | Found a hide-covered altar of Uskayaw.
  3675 | D:4      | Found a large runed translucent door.
  3675 | D:4      | Found a large runed translucent door.
  3679 | D:4      | Noticed oc3rt's ghost (amateur OpEE)
  3687 | D:5      | Entered Level 5 of the Dungeon
  3730 | D:5      | Reached * piety under Qazlal
  3751 | D:5      | Reached skill level 5 in Fighting
  3975 | D:5      | Found a staircase to the Ecumenical Temple.
  4002 | D:5      | Reached skill level 5 in Armour
  4171 | D:5      | Found a blossoming altar of Fedhas.
  4252 | D:5      | Reached XP level 8. HP: 59/62 MP: 10/10
  4622 | D:6      | Noticed Maggie
  4778 | D:6      | Killed Maggie
  4861 | D:6      | Reached ** piety under Qazlal
  4962 | D:6      | Reached skill level 5 in Axes
  5020 | D:6      | Noticed Eustachio
  5040 | D:6      | Reached XP level 9. HP: 69/69 MP: 12/12
  5059 | D:6      | Killed Eustachio
  5116 | D:6      | Found a shimmering altar of Xom.
  5152 | D:6      | Reached skill level 5 in Invocations
  5486 | D:7      | Found a sand-covered staircase.
  5519 | Ossuary  | Entered an ossuary
  5604 | Ossuary  | Reached *** piety under Qazlal
  5925 | D:7      | Reached XP level 10. HP: 71/79 MP: 14/14
  6356 | D:7      | Found Higimut's Antique Armour Shoppe.
  6361 | D:7      | Bought a pair of gloves for 112 gold pieces
  6592 | D:7      | Reached **** piety under Qazlal
  6624 | D:7      | Found a bloodstained altar of Trog.
  6873 | D:8      | Found Qoeru's Antique Weapon Emporium.
  6894 | D:8      | Found Woess's Jewellery Shoppe.
  6917 | D:8      | Found a flagged portal.
  6939 | Bailey   | Entered a bailey
  7151 | Bailey   | Noticed an orc knight
  7190 | Bailey   | Noticed an orc knight
  7195 | Bailey   | Noticed an orc knight
  7196 | Bailey   | Killed an orc knight
  7214 | Bailey   | Killed an orc knight
  7219 | Bailey   | Killed an orc knight
  7315 | Bailey   | Reached XP level 11. HP: 68/87 MP: 16/16
  7330 | Bailey   | Noticed an orc knight
  7353 | Bailey   | Killed an orc knight
  7612 | D:8      | Found Cail's Jewellery Emporium.
  7682 | D:8      | Noticed a two-headed ogre
  7708 | D:8      | Killed a two-headed ogre
  8203 | D:8      | Found a runed translucent door.
  8203 | D:8      | Noticed a wolf spider
  8204 | D:8      | Noticed a boulder beetle
  8205 | D:8      | Found a runed translucent door.
  8205 | D:8      | Found a runed translucent door.
  8218 | D:8      | Killed a wolf spider
  8259 | D:8      | Killed a boulder beetle
  8290 | D:8      | Noticed a red ugly thing
  8339 | D:8      | Killed a red ugly thing
  8523 | D:8      | Identified the ring of Voofroxy {rElec rC- Will+ Stlth-}
  8523 | D:8      | Noticed a rakshasa
  8545 | D:8      | Killed a rakshasa
  8600 | D:8      | Identified the ring "Vacya" {+Inv rElec rN+ Dex+6 Slay-3}
  8606 | D:8      | Noticed a manticore
  8612 | D:8      | Killed a manticore
  8632 | D:8      | Got a wavering copper amulet
  8643 | D:8      | Got a scorched pewter amulet
  8650 | D:8      | Identified the amulet "Zobadd" {Spirit *Drain rN+ Str+4
                  | SInv} (You found it on level 8 of the Dungeon)
  8651 | D:8      | Identified the amulet "Xoreygoush" {RegenMP +Inv rN+ Int-5}
                  | (You found it on level 8 of the Dungeon)
  8970 | D:9      | Found a staircase to the Orcish Mines.
  8971 | D:9      | Found Emeh's Armour Emporium.
  8999 | D:9      | Found Yxupol's Weapon Emporium.
  9018 | D:9      | Found Zemit's Book Shoppe.
  9116 | D:9      | Noticed a death yak
  9136 | D:9      | Killed a death yak
  9137 | D:9      | Reached skill level 10 in Fighting
  9137 | D:9      | Reached skill level 10 in Armour
  9137 | D:9      | Reached XP level 12. HP: 64/97 MP: 13/19
  9137 | D:9      | Noticed a death yak
  9149 | D:9      | Killed a death yak
  9149 | D:9      | Noticed a death yak
  9159 | D:9      | Killed a death yak
  9159 | D:9      | Noticed a death yak
  9160 | D:9      | Reached skill level 10 in Invocations
  9173 | D:9      | Slain by a death yak

Illustrated notes

Levels and vault maps discovered:
D:1:      scummos_arrival_simple_fountains, layout_loops_ring,
          minmay_pentomino_u4
D:2:      layout_basic
D:3:      layout_basic, grunt_temple_overflow_holy_war,
          cheibrodos_ashenzari_chains, makhleb_heckhound_becter,
          lemuel_doored_altar, grunt_ministairs_10
D:4:      layout_loops_ring, lemuel_crystal_altar,
          amethyst_overflow_temple_binary, ebering_ghost_disaster_area,
          minmay_diced_spiral
D:5:      layout_gridville, fedhas_altar_1, minmay_temple_entry_waves
D:6:      layout_rooms, nicolae_overflow_crystal_walls, uniq_maggie,
          uniq_eustachio
D:7:      layout_basic, trog_ov_bears_minmay, serial_shops, shop,
          chequers_ossuary_entry_cave
D:8:      minmay_the_grid_triangle_9x9_rhombus_full
          [minmay_the_grid_triangle_9x9_empty,
          minmay_the_grid_triangle_9x9_pentomino_pain,
          minmay_the_grid_triangle_9x9_intruding_spiral,
          minmay_the_grid_triangle_9x9_limited_checkers,
          minmay_the_grid_triangle_9x9_flanged_cone,
          minmay_the_grid_triangle_9x9_empty,
          minmay_the_grid_triangle_9x9_fully_insulated_deathbox,
          minmay_the_grid_triangle_9x9_prize_special], layout_loops_ring,
          enter_bailey_7, serial_shops, nicolae_shop_waterfront, shop,
          nicolae_shop_statue_plus, glass_columns_b
D:9:      layout_basic, dpeg_lair_monsters, orc_david_3, basic_altar,
          serial_shops, nicolae_shop_stone, kennysheep_doodads

Skill      XL: |  1  2  3  4  5  6  7  8  9 10 11 12 |
---------------+-------------------------------------+-----
Shields        | 4 5 6 8 9 |  9.0
Fighting       | 4 5 6 7 8 10 | 10.2
Armour         | 4 5 6 7 8 10 | 10.2
Axes           | 3 4 5 6 7 8 9 |  9.1
Invocations    | 2 3 4 6 7 9 10 | 10.0

Action                   |  1- 3 |  4- 6 |  7- 9 | 10-12 || total
-------------------------+-------+-------+-------+-------++-------
Melee: War axe           |    75 |    10 |       |       ||    85
       Spear             |       |   154 |   319 |   436 ||   909
       Morningstar       |       |       |   105 |    83 ||   188
Invok: Upheaval          |       |       |       |     2 ||     2
       Elemental Force   |       |       |       |     1 ||     1
 Abil: Dig               |     1 |     6 |     5 |    11 ||    23
  Use: Scroll            |       |     8 |     2 |     4 ||    14
       Potion            |       |       |     2 |       ||     2
Armor: Scale mail        |    47 |    52 |    37 |    67 ||   203
       Steam dragon scal |       |       |    24 |       ||    24
       Leather armour    |       |       |    38 |    22 ||    60
Dodge: Dodged            |    27 |    38 |    99 |   121 ||   285
Block: Kite shield       |    40 |    65 |   294 |   365 ||   764
